 Dungeon Crawl Stone Soup version 0.30.0-20-g3615ddf2f0 (webtiles) character file.

Game seed: 10657004801006861591

2725 qw the Blocker (level 9, -1/54 HPs)
             Began as a Gargoyle Fighter on May 31, 2023.
             Was an Initiate of Okawaru.
             Killed by divine providence
             ... invoked by an orc priest
              (13 damage)
             ... on level 8 of the Dungeon.
             The game lasted 00:03:07 (6971 turns).

qw the Blocker (Gargoyle Fighter)                   Turns: 6971, Time: 00:03:08

Health: -1/54      AC: 19    Str: 23    XL:     9   Next: 67%
Magic:  9/9        EV: 11    Int: 10    God:    Okawaru [......]
Gold:   489        SH: 15    Dex:  9    Spells: 8/8 levels left

rFire   . . .        b - +2 war axe (spect)
rCold   x . .        n - +0 tower shield
rNeg    + . .        k - +0 chain mail
rPois   inf          j - +0 helmet
rElec   +            c - +2 cloak of the Thief {*Fog Slay-2 SInv Stlth+}
rCorr   +            (no gloves)
SInv    +            (no boots)
Will    .....        (no amulet) Stlth
                     f - ring of resist corrosion
HPRegen 0.29/turn    p - +5 ring of evasion
MPRegen 0.11/turn

%: clarity
@: about to teleport, unable to drink
A: sickness immunity, AC +6, negative energy resistance 1, electricity
resistance, torment resistance 1, petrification resistance, clarity, cold
vulnerability 1, inability to drink after injury 1
a: Renounce Religion


You were on level 8 of the Dungeon.
You worshipped Okawaru.
Okawaru was noncommittal.
You visited 2 branches of the dungeon, and saw 9 of its levels.

You collected 489 gold pieces.


Innate Abilities, Weirdness & Mutations

You are immune to sickness and miasma.
Your stone body is resilient. (AC +6)
You are immune to poison.
You resist negative energy. (rN+)
You are resistant to electric shocks. (rElec)
You are resistant to unholy torment.
You are immune to petrification.
You possess an exceptional clarity of mind.
You are vulnerable to cold. (rC-)
You occasionally lose the ability to drink potions when taking damage.


   Skills:
 - Level 5.1 Fighting
 - Level 7.1 Axes
 - Level 2.0 Throwing
 - Level 3.2 Armour
 - Level 1.1 Dodging
 + Level 10.8 Shields


You had 8 spell levels left.
You didn't know any spells.
Your spell library was empty.

Inventory:

Hand Weapons
 b - a +2 spectral war axe (weapon)
 q - a +5 morningstar of freezing
Missiles
 r - 2 javelins (quivered)
Armour
 c - the +2 cloak of the Thief (worn) {*Fog Slay-2 SInv Stlth+}
   (You acquired it on level 5 of the Dungeon)

   *Fog:      It may release a thick cloud of smoke when the wearer is hurt.
   Slay:      It affects your accuracy & damage with ranged weapons and melee
   (-2).
   SInv:      It lets you see invisible.
   Stlth:     It makes you more stealthy.
 j - a +0 helmet (worn)
 k - a +0 chain mail (worn)
 n - a +0 tower shield (worn)
Jewellery
 f - a ring of resist corrosion (left hand)
 p - a +5 ring of evasion (right hand)
Scrolls
 a - 4 scrolls of identify
 l - a scroll of brand weapon
Potions
 d - a potion of might
 h - 4 potions of lignification
 i - 9 potions of curing
 m - 2 potions of heal wounds
 o - 4 potions of cancellation

Dungeon Overview and Level Annotations

Branches:
Dungeon (8/15)             Temple (1/1) D:7            Lair (0/5) D:8

Altars:
Ashenzari
Cheibriados
Elyvilon
Fedhas
Gozag
Hepliaklqana
Kikubaaqudgha
Makhleb
Okawaru
Qazlal
Ru
Sif Muna
Trog
Vehumet
Wu Jian
Xom
Yredelemnul
Zin

Annotations:
D:2 1 runed translucent door, Crazy Yiuf


Message History

An orc wizard, 2 orc priests and a warg come into view.
You completely miss the wyvern.
The wyvern is moderately wounded.
You barely miss the orc warrior.
Your +2 spectral war axe hits the wyvern but does no damage.
Your +2 spectral war axe closely misses the orc warrior.
Your +2 spectral war axe closely misses the wyvern.
You block the wyvern's attack.
The orc warrior hits you but does no damage.
The orc warrior barely misses your +2 spectral war axe.
The wyvern bites you but does no damage.
You barely miss the wyvern.
The wyvern is moderately wounded.
You hit the orc warrior but do no damage.
Your +2 spectral war axe misses the wyvern.
Your +2 spectral war axe hits the orc warrior!
Your +2 spectral war axe hits the orc warrior.
Your +2 spectral war axe hits the wyvern.
The wyvern bites you.
The orc priest calls upon Beogh to heal the orc warrior.
The orc warrior is healed somewhat.
The orc warrior hits your +2 spectral war axe but does no damage.
The orc warrior hits you with a +0 hand axe.
The orc priest mumbles some strange prayers to Beogh against you.
Beogh smites you!
You feel threatened and lose the ability to drink potions!
You block the wyvern's attack.
The orc warrior barely misses your +2 spectral war axe.
You block the orc warrior's attack.
The orc wizard barely misses your +2 spectral war axe.
6971 ||| READING scroll of teleportation.
As you read the scroll of teleportation, it crumbles to dust.
You feel strangely unstable.
Your +2 spectral war axe disappears.
You block the wyvern's attack. The orc wizard casts a spell at you.
The magic dart hits you but does no damage.
The orc priest calls down the wrath of Beogh upon you.
Beogh smites you!
You die...

......>......
............ ..........
### #.......#......
#.o...!.#...... #..ooh
#...... ..###¤ol###.....
.....oo@¤¤....# +###
.....¤¤¤¤.....# ...+
.....¤¤¤¤¤....+ ...#...
+####¤¤¤......#....#....
#.....[...##..# #..#
#.....##'###..###..#
#.....#...%...#.....
#.....#...#...#....#
#.....#...#...#....#


You could see a warg, an orc warrior, a wyvern, 2 orc priests, 2 orc wizards and
an orc.

Vanquished Creatures
  A wyvern (D:8)
  A warg (D:8)
  An orc warrior (D:6)
  A black bear (D:6)
  An ice beast (D:7)
  4 sky beasts
  4 centaurs
  3 phantoms
  A kobold brigand (D:8)
  3 scorpions
  5 wights (D:7)
  4 orc priests
  5 hounds
  2 jellies
  3 iguanas
  2 sleepcaps (D:6)
  4 orc wizards
  8 adders
  A shadow imp (D:6)
  A white imp (D:7)
  An ufetubus (D:5)
  2 worms (D:2)
  5 dart slugs
  23 orcs
  5 ball pythons
  3 endoplasms
  4 giant cockroaches
  3 goblins
  5 hobgoblins
  7 jackals
  4 quokkas
  3 bats
  4 frilled lizards
  10 kobolds
  A quokka zombie (D:7)
  5 rats
  A rat zombie (D:7)
141 creatures vanquished.

Notes
Turn   | Place    | Note
-------+----------+-------------------------------------------
     0 | D:1      | qw the Gargoyle Fighter began the quest for the Orb.
     0 | D:1      | Reached XP level 1. HP: 14/14 MP: 1/1
     0 | D:1      | 0 ||| qw: Version: 0.2-a-102-gfc559e5
     0 | D:1      | 0 ||| qw: Game counter: 608
     0 | D:1      | 0 ||| qw: Always use a shield: true
     0 | D:1      | 0 ||| qw: God list: Okawaru
     0 | D:1      | 0 ||| qw: Allow faded altars: false
     0 | D:1      | 0 ||| qw: Do Orc after D:15 true
     0 | D:1      | 0 ||| qw: Do second Lair branch before Depths: true
     0 | D:1      | 0 ||| qw: Lair rune preference: random
     0 | D:1      | 0 ||| qw: Plans: Normal, Zot:1-4, Slime:5, God:TSO, Crypt,
                  | Tomb, Pan, Hells, Abyss, Win
     0 | D:1      | 0 ||| PLANNING D:1-11
    76 | D:1      | Found a faded altar of an unknown god.
   352 | D:1      | Reached XP level 2. HP: 16/19 MP: 2/2
   757 | D:1      | 757 ||| DROPPING scarf of invisibility.
   758 | D:1      | 758 ||| UPGRADING to ring of resist corrosion.
   759 | D:1      | 759 ||| READING 4 scrolls labelled HIHIMAE IWAPNO.
   760 | D:1      | 760 ||| READING 2 scrolls labelled HUMAXEBB TICS.
   764 | D:1      | 764 ||| READING scroll labelled CAMEIPL UKHLA.
   765 | D:1      | 765 ||| DRINKING 2 fuming red potions.
   806 | D:1      | 806 ||| READING 3 scrolls of identify.
   806 | D:1      | 806 ||| IDENTIFYING sedimented dark potion
   859 | D:2      | Reached skill level 3 in Axes
   859 | D:2      | Reached XP level 3. HP: 12/23 MP: 3/3
   879 | D:2      | 879 ||| Stepping ~*~*~tactically~*~*~ (stealth).
   880 | D:2      | 880 ||| Stepping ~*~*~tactically~*~*~ (stealth).
   881 | D:2      | 881 ||| Stepping ~*~*~tactically~*~*~ (stealth).
  1061 | D:2      | 1061 ||| Stepping ~*~*~tactically~*~*~ (stealth).
  1266 | D:2      | Found a runed translucent door.
  1267 | D:2      | Noticed Crazy Yiuf
  1292 | D:2      | Noticed a scorpion
  1302 | D:2      | Killed a scorpion
  1303 | D:2      | Reached XP level 4. HP: 18/28 MP: 4/4
  1371 | D:2      | Found a sacrificial altar of Ru.
  1447 | D:2      | 1447 ||| Stepping ~*~*~tactically~*~*~ (stealth).
  1448 | D:2      | 1448 ||| Stepping ~*~*~tactically~*~*~ (stealth).
  1566 | D:2      | Reached XP level 5. HP: 32/32 MP: 5/5
  1775 | D:2      | 1775 ||| UPGRADING to +0 tower shield.
  1785 | D:2      | 1785 ||| DROPPING +0 buckler.
  1786 | D:2      | 1786 ||| READING 2 scrolls labelled SANELE FAOTI.
  1787 | D:2      | 1787 ||| READING scroll labelled IFOCUVV TUFESH.
  1788 | D:2      | 1788 ||| READING scroll labelled QUKU ZIAPOTTO.
  1789 | D:2      | 1789 ||| READING 2 scrolls of identify.
  1789 | D:2      | 1789 ||| IDENTIFYING sapphire potion
  1790 | D:2      | 1790 ||| DROPPING scroll of immolation.
  1903 | D:3      | 1903 ||| Stepping ~*~*~tactically~*~*~ (stealth).
  1904 | D:3      | 1904 ||| Stepping ~*~*~tactically~*~*~ (stealth).
  1909 | D:3      | 1909 ||| Stepping ~*~*~tactically~*~*~ (stealth).
  1923 | D:3      | 1923 ||| Stepping ~*~*~tactically~*~*~ (stealth).
  1945 | D:3      | 1945 ||| Stepping ~*~*~tactically~*~*~ (stealth).
  1948 | D:3      | 1948 ||| Stepping ~*~*~tactically~*~*~ (water).
  2077 | D:3      | 2077 ||| Stepping ~*~*~tactically~*~*~ (stealth).
  2243 | D:3      | Reached skill level 4 in Shields
  2272 | D:3      | 2272 ||| Stepping ~*~*~tactically~*~*~ (stealth).
  2438 | D:3      | 2438 ||| UPGRADING to +0 helmet.
  2443 | D:3      | 2443 ||| UPGRADING to +0 chain mail.
  2453 | D:3      | 2453 ||| DROPPING +0 scale mail.
  2454 | D:3      | 2454 ||| DROPPING ring of flight.
  2455 | D:3      | 2455 ||| DROPPING ring of magical power.
  2456 | D:3      | 2456 ||| READING 2 scrolls labelled WIL ZE EKHLUPAU.
  2457 | D:3      | 2457 ||| READING scroll of brand weapon.
  2457 | D:3      | 2457 ||| BRANDING +0 war axe of electrocution.
  2521 | D:4      | Noticed a phantom
  2534 | D:4      | Killed a phantom
  2535 | D:4      | Reached skill level 5 in Shields
  2535 | D:4      | Reached XP level 6. HP: 37/37 MP: 6/6
  2591 | D:4      | 2591 ||| Stepping ~*~*~tactically~*~*~ (hiding).
  2615 | D:4      | 2615 ||| Stepping ~*~*~tactically~*~*~ (hiding).
  2743 | D:4      | 2743 ||| Stepping ~*~*~tactically~*~*~ (stealth).
  2835 | D:4      | Reached skill level 6 in Shields
  3002 | D:4      | Reached XP level 7. HP: 37/41 MP: 7/7
  3209 | D:4      | 3209 ||| READING scroll labelled ZYMUHA OTEEREOB.
  3210 | D:4      | 3210 ||| READING scroll labelled ZANADI CEWE.
  3211 | D:4      | 3211 ||| READING 3 scrolls labelled GOASTR DYROGEM.
  3212 | D:4      | 3212 ||| READING 2 scrolls of enchant weapon.
  3212 | D:4      | 3212 ||| ENCHANTING +0 spectral war axe.
  3213 | D:4      | 3213 ||| READING scroll of enchant weapon.
  3213 | D:4      | 3213 ||| ENCHANTING +1 spectral war axe.
  3214 | D:4      | 3214 ||| DRINKING 2 red potions.
  3214 | D:4      | Gained mutation: You are vulnerable to heat. (rF-) [potion
                  | of mutation]
  3214 | D:4      | Gained mutation: Potions are less effective at restoring
                  | your health. [potion of mutation]
  3214 | D:4      | Gained mutation: You occasionally lose the ability to drink
                  | potions when taking damage. [potion of mutation]
  3215 | D:4      | 3215 ||| DRINKING potion of mutation.
  3215 | D:4      | Lost mutation: You are vulnerable to heat. (rF-) [potion of
                  | mutation]
  3215 | D:4      | Lost mutation: Potions are less effective at restoring your
                  | health. [potion of mutation]
  3215 | D:4      | Gained mutation: You are vulnerable to cold. (rC-) [potion
                  | of mutation]
  3215 | D:4      | Gained mutation: You possess an exceptional clarity of
                  | mind. [potion of mutation]
  3216 | D:4      | 3216 ||| READING 4 scrolls of identify.
  3216 | D:4      | 3216 ||| IDENTIFYING lumpy ruby potion
  3217 | D:4      | 3217 ||| DROPPING potion of brilliance.
  3239 | D:5      | Entered Level 5 of the Dungeon
  3259 | D:5      | 3259 ||| Stepping ~*~*~tactically~*~*~ (hiding).
  3260 | D:5      | 3260 ||| Stepping ~*~*~tactically~*~*~ (hiding).
  3385 | D:5      | Found a stormy altar of Qazlal.
  3426 | D:5      | Reached skill level 7 in Shields
  3461 | D:5      | 3461 ||| Stepping ~*~*~tactically~*~*~ (hiding).
  3462 | D:5      | 3462 ||| Stepping ~*~*~tactically~*~*~ (hiding).
  3463 | D:5      | 3463 ||| Stepping ~*~*~tactically~*~*~ (hiding).
  3501 | D:5      | 3501 ||| Stepping ~*~*~tactically~*~*~ (stealth).
  3544 | D:5      | 3544 ||| FLEEEEING.
  3546 | D:5      | 3546 ||| FLEEEEING.
  3554 | D:5      | Reached skill level 8 in Shields
  4516 | D:5      | 4516 ||| DROPPING +1 hat.
  4517 | D:5      | 4517 ||| UPGRADING to +5 ring of evasion.
  4518 | D:5      | 4518 ||| READING scroll labelled HAYSAO HONLEF.
  4518 | D:5      | Identified a scroll of acquirement
  4518 | D:5      | 4518 ||| ACQUIRING +2 cloak of the Thief {*Fog Slay-2 SInv
                  | Stlth+}
  4518 | D:5      | Acquired the +2 cloak of the Thief {*Fog Slay-2 SInv
                  | Stlth+}
  4518 | D:5      | Found the +2 cloak of the Thief {*Fog Slay-2 SInv Stlth+}
  4520 | D:5      | 4520 ||| UPGRADING to +2 cloak of the Thief {*Fog Slay-2
                  | SInv Stlth+}.
  4746 | D:6      | Reached XP level 8. HP: 46/46 MP: 8/8
  4772 | D:6      | 4772 ||| Stepping ~*~*~tactically~*~*~ (hiding).
  4820 | D:6      | Reached skill level 9 in Shields
  4851 | D:6      | 4851 ||| Stepping ~*~*~tactically~*~*~ (stealth).
  4895 | D:6      | 4895 ||| Stepping ~*~*~tactically~*~*~ (stealth).
  4981 | D:6      | Found an ornate altar of the Wu Jian Council.
  5135 | D:6      | 5135 ||| READING 6 scrolls of identify.
  5135 | D:6      | 5135 ||| IDENTIFYING bubbling white potion
  5136 | D:6      | 5136 ||| READING 5 scrolls of identify.
  5136 | D:6      | 5136 ||| IDENTIFYING purple potion
  5137 | D:6      | 5137 ||| READING 4 scrolls of identify.
  5137 | D:6      | 5137 ||| IDENTIFYING murky yellow potion
  5138 | D:6      | 5138 ||| DROPPING potion of ambrosia.
  5139 | D:6      | 5139 ||| DROPPING potion of flight.
  5157 | D:7      | 5157 ||| PLANNING OSSUARY
  5167 | D:7      | 5167 ||| Stepping ~*~*~tactically~*~*~ (stealth).
  5175 | D:7      | Reached skill level 6 in Axes
  5214 | D:7      | HP: 4/48 [wight/+5 halberd (16)]
  5215 | D:7      | 5215 ||| READING 2 scrolls of teleportation.
  5375 | D:7      | 5375 ||| Stepping ~*~*~tactically~*~*~ (stealth).
  5377 | D:7      | 5377 ||| Stepping ~*~*~tactically~*~*~ (stealth).
  5428 | D:7      | Reached skill level 1 in Dodging
  5446 | D:7      | Reached skill level 10 in Shields
  5446 | D:7      | Reached XP level 9. HP: 49/52 MP: 9/9
  5459 | D:7      | Found a staircase to the Ecumenical Temple.
  5473 | D:7      | 5473 ||| Stepping ~*~*~tactically~*~*~ (hiding).
  5647 | D:7      | Found a flagged portal.
  5776 | D:7      | 5776 ||| Stepping ~*~*~tactically~*~*~ (hiding).
  5852 | D:7      | 5852 ||| DROPPING +0 morningstar.
  5974 | D:7      | Reached skill level 1 in Throwing
  5990 | D:7      | 5990 ||| Stepping ~*~*~tactically~*~*~ (hiding).
  6001 | D:7      | 6001 ||| RIP OSSUARY
  6001 | D:7      | 6001 ||| PLANNING TEMPLE
  6105 | D:7      | 6105 ||| Stepping ~*~*~tactically~*~*~ (hiding).
  6323 | D:7      | 6323 ||| READING scroll labelled IRITAT FUC YMI.
  6392 | Temple   | Entered the Ecumenical Temple
  6393 | Temple   | 6393 ||| PLANNING OKAWARU WORSHIP
  6877 | Temple   | Became a worshipper of Warmaster Okawaru
  6877 | Temple   | 6877 ||| PLANNING D:1-11
  6968 | D:8      | Found a staircase to the Lair.
  6970 | D:8      | HP: 12/54 [orc priest/divine providence (13)]
  6971 | D:8      | 6971 ||| READING scroll of teleportation.
  6971 | D:8      | Killed from afar by an orc priest

Levels and vault maps discovered:
D:1:      tarquinn_simple_flora_water_b, layout_loops_ring,
          chequers_ecumenical_altar_simple_redux, kennysheep_nondescript
D:2:      minmay_general_purpose_star, layout_basic, basic_altar, minivault_26,
          kennysheep_generic_room_6, uniq_crazy_yiuf_cottage
D:3:      layout_rooms, serial_bayou_ford_a, grunt_decor_fettered
D:4:      layout_loops_ring
D:5:      layout_layer_cave, kennysheep_mini_moat
D:6:      layout_cave_pools, mainiacjoe_overflow_24_doors, serial_rivers,
          chequers_serial_rivers_small_b, chequers_serial_rivers_marsh,
          chequers_serial_rivers_micro_c, chequers_serial_rivers_micro_d
D:7:      layout_loops_ring, minmay_temple_entry_grid, enter_ossuary_4,
          enter_bailey_8, minivault_10
D:8:      layout_gridville, erik_lair_orcish_takeover
Temple:   compressed_dpeg_triangle_lava_temple

Skill      XL: |  1  2  3  4  5  6  7  8  9 |
---------------+----------------------------+-----
Axes           | 2 3 4 5 6 7 |  7.1
Shields        | 5 6 8 10 | 10.8
Fighting       | 4 5 |  5.1
Dodging        | 1 |  1.1
Throwing       | 2 |  2.0
Armour         | |  3.2

Action                     |  1- 3 |  4- 6 |  7- 9 || total
---------------------------+-------+-------+-------++-------
  Melee: War axe           |    98 |   130 |   189 ||   417
    Use: Scroll            |     4 |     6 |    13 ||    23
         Potion            |     1 |       |     2 ||     3
   Stab: Distracted        |       |       |     1 ||     1
 Armour: Scale mail        |    55 |    42 |       ||    97
         Chain mail        |       |    19 |    59 ||    78
  Dodge: Dodged            |    55 |    28 |    55 ||   138
  Block: Buckler           |    11 |     3 |       ||    14
         Tower shield      |       |    73 |   128 ||   201

Table legend:
 A = Non-vault XP
 B = Vault XP
 C = Vault XP percentage of total XP
 D = Non-vault monster count
 E = Vault monster count
 F = Vault count percentage of total count
                 A         B        C        D         E       F
            +---------+---------+-------+---------+---------+-------
      Total |    3668 |     226 |   5.8 |     131 |      10 |   7.1
            +---------+---------+-------+---------+---------+-------
        D:1 |      19 |       0 |   0.0 |      11 |       0 |   0.0
        D:2 |     124 |      25 |  16.8 |      18 |       6 |  25.0
        D:3 |      70 |       0 |   0.0 |      23 |       0 |   0.0
        D:4 |     447 |       0 |   0.0 |      15 |       0 |   0.0
        D:5 |     408 |       0 |   0.0 |       9 |       0 |   0.0
        D:6 |     739 |       0 |   0.0 |      21 |       0 |   0.0
        D:7 |    1426 |       2 |   0.1 |      26 |       2 |   7.1
        D:8 |     435 |     199 |  31.4 |       8 |       2 |  20.0
            +---------+---------+-------+---------+---------+-------
